 Dungeon Crawl Stone Soup version 0.30.1 (webtiles) character file.

Game seed: 5083908787003779446

15 wingedge the Trooper (level 2, -2/26 HPs)
             Began as a Demigod Wanderer on June 30, 2023.
             Slain by a hobgoblin
             ... wielding a +0 club
              (3 damage)
             ... on level 1 of the Dungeon on July 1, 2023.
             The game lasted 00:01:10 (257 turns).

wingedge the Trooper (Demigod Wanderer)              Turns: 257, Time: 00:01:11

Health: -2/26      AC:  2    Str: 13    XL:     2   Next: 21%
Magic:  5/5        EV: 10    Int: 15    God:
Gold:   30         SH:  4    Dex: 12    Spells: 2/3 levels left

rFire   . . .        e - +0 short sword
rCold   . . .        b - +0 buckler
rNeg    . . .        c - +0 robe
rPois   .            (no helmet)
rElec   .            (no cloak)
rCorr   .            (no gloves)
SInv    .            (no boots)
Will    .....        (no amulet)
Stlth   +            (no ring)
HPRegen 0.24/turn    (no ring)
MPRegen 0.09/turn

%: no passive effects
@: no status effects
A: high MP 1, forlorn, divine attributes
a: no special abilities


You were on level 1 of the Dungeon.
You visited 1 branch of the dungeon, and saw 1 of its levels.

You collected 30 gold pieces.

Inventory:

Hand Weapons
 a - a +0 dagger
 e - a +0 short sword (weapon)
Armour
 b - a +0 buckler (worn)
 c - a +0 robe (worn)
Scrolls
 d - 2 scrolls of teleportation


   Skills:
 + Level 3.4 Fighting
 - Level 1.0 Armour
 - Level 1.7 Shields
 - Level 1.0 Spellcasting
 - Level 2.6 Hexes


You had 2 spell levels left.
You knew the following spells:

 Your Spells              Type           Power      Damage    Failure   Level
a - Slow                  Hex            32%        N/A       11%         1

Your spell library contained the following spells:

 Spells                   Type           Power      Damage    Failure   Level
 Summon Guardian Golem    Hex/Summ       4%         N/A       50%         3
 Cause Fear               Hex            4%         N/A       73%         4


Dungeon Overview and Level Annotations

Branches:
Dungeon (1/15)


Innate Abilities, Weirdness & Mutations

You have an increased reservoir of magic. (+10% MP)
You shall have no god before yourself.
Your divine heritage dramatically boosts your attributes as you level up.


Message History

You hit the jackal.
The jackal is moderately wounded.
The jackal bites you. You block the jackal's attack.
You barely miss the jackal.
The jackal is moderately wounded.
The jackal bites you but does no damage.
You barely miss the jackal.
The jackal is moderately wounded.
The jackal barely misses you.
You hit the jackal but do no damage.
The jackal is moderately wounded.
The jackal closely misses you. The jackal bites you.
You miss the jackal.
The jackal is moderately wounded.
The jackal bites you.
You hit the jackal.
You kill the jackal!
You hit the hobgoblin but do no damage. The hobgoblin hits you with a +0 club.
* * * LOW HITPOINT WARNING * * *
You hit the hobgoblin but do no damage. The hobgoblin barely misses you.
You hit the hobgoblin.
The hobgoblin is almost dead.
The hobgoblin barely misses you.
You hit the hobgoblin but do no damage.
The hobgoblin is almost dead.
The hobgoblin hits you with a +0 club.
* * * LOW HITPOINT WARNING * * *
You hit the hobgoblin but do no damage.
The hobgoblin is almost dead.
The hobgoblin hits you with a +0 club.
* * * LOW HITPOINT WARNING * * *
You closely miss the hobgoblin.
The hobgoblin is almost dead.
The hobgoblin closely misses you.
You hit the hobgoblin but do no damage.
The hobgoblin is severely wounded.
The hobgoblin hits you with a +0 club.
* * * LOW HITPOINT WARNING * * *
The hobgoblin hits you with a +0 club.
You die...

# #....# #.
..... ..#
#.##.K.. .###..
...... .##...
..!.. .##..#
#..# #.##..#
#..######.?.
..##..#
#..g@.....#
......#
#..########
.###.########..#
...............#
.###.########.##
.# #.########.#
.# #..........#
.# ############
.#


You could see a hobgoblin.

Vanquished Creatures
  A dart slug (D:1)
  An endoplasm (D:1)
  2 goblins (D:1)
  A hobgoblin (D:1)
  4 jackals (D:1)
  A kobold (D:1)
10 creatures vanquished.

Notes
Turn   | Place    | Note
-------+----------+-------------------------------------------
     0 | D:1      | wingedge the Demigod Wanderer began the quest for the Orb.
     0 | D:1      | wingedge set off with the following items: a +0 club, a +0
                  | buckler, a +0 robe, 2 scrolls of teleportation; and the
                  | following spell memorised: Slow; and the following spells
                  | available to memorise: Summon Guardian Golem, Cause Fear.
     0 | D:1      | Reached XP level 1. HP: 18/18 MP: 4/4
     0 | D:1      | Upgraded the game from 0.30.0-30-g96aa6591b8 to 0.30.1
   206 | D:1      | Reached skill level 3 in Fighting
   232 | D:1      | Reached XP level 2. HP: 19/26 MP: 5/5
   257 | D:1      | HP: 1/26 [hobgoblin/+0 club (2)]
   257 | D:1      | Slain by a hobgoblin

Illustrated notes

Levels and vault maps discovered:
D:1:      wander_arrival_lonely_grave, layout_loops_ring, minivault_26

Skill      XL: |  1 |
---------------+----+-----
Fighting       | 3 |  3.4
Armour         | |  1.0
Shields        | |  1.7
Spellcasting   | |  1.0
Hexes          | |  2.6

Action                     || total
---------------------------++-------
  Melee: Short sword       ||    56
         Dagger            ||     8
         Club              ||     5
 Armour: Robe              ||     5
  Dodge: Dodged            ||    25
  Block: Buckler           ||    12
